 Dungeon Crawl Stone Soup version 0.31.0-9-g3a7656b989 (webtiles) character file.

Game seed: 14744287401778638449

296 MacCMillion the Chopper (level 6, -7/51 HPs)
             Began as a Minotaur Fighter on Jan 31, 2024.
             Mangled by an ogre
             ... wielding a +0 giant club
              (24 damage)
             ... on level 4 of the Dungeon.
             The game lasted 00:06:29 (3797 turns).

MacCMillion the Chopper (Minotaur Fighter)          Turns: 3797, Time: 00:06:30

Health: -7/51      AC:  4    Str: 23    XL:     6   Next: 12%
Magic:  5/5        EV:  9    Int:  5    God:
Gold:   264        SH:  9    Dex:  9    Spells: 5/5 levels left

rFire   . . .        a - +0 war axe
rCold   + . .        c - +0 buckler
rNeg    . . .        b - +0 scale mail
rPois   .            (helmet restricted)
rElec   .            (no cloak)
rCorr   .            (no gloves)
SInv    .            (no boots)
Will    .....        o - amulet of reflection Stlth
                     r - ring of protection from cold
HPRegen 0.28/turn    (no ring)
MPRegen 0.09/turn

%: random rage (3%), reflection
@: no status effects
A: horns 2, retaliatory headbutt, berserk 1, deformed body, wild magic 1
a: no special abilities


You were on level 4 of the Dungeon.
You visited 1 branch of the dungeon, and saw 4 of its levels.

You collected 264 gold pieces.

Inventory:

Hand Weapons
 a - a +0 war axe (weapon)
Missiles
 p - 5 curare-tipped darts (quivered)
 q - 16 poisoned darts
 s - a boomerang
Armour
 b - a +0 scale mail (worn)
 c - a +0 buckler (worn)
Jewellery
 o - an amulet of reflection (around neck)
 r - a ring of protection from cold (left hand)
Wands
 j - a wand of mindburst (3)
Scrolls
 e - 2 scrolls of teleportation {unknown}
 f - a scroll of amnesia {unknown}
 g - 5 scrolls of identify {unknown}
 h - 2 scrolls of blinking {unknown}
 i - a scroll of poison {unknown}
 l - a scroll of revelation {unknown}
 n - a scroll of torment {unknown}
 t - a scroll of brand weapon {unknown}
 u - a scroll of noise {unknown}
 v - a scroll of fog {unknown}
Potions
 d - 2 potions of might
 k - a potion of enlightenment {unknown}
 m - a potion of mutation
 w - a potion of resistance {unknown}


   Skills:
 - Level 3.6 Fighting
 + Level 7.6 Axes
 - Level 3.7 Armour
 - Level 4.0 Shields


You had 5 spell levels left.
You didn't know any spells.
Your spell library contained the following spells:

 Spells                   Type           Power      Damage    Failure   Level
 Call Imp                 Summ           0%         N/A       96%         2
 Sublimation of Blood     Necr           0%         N/A       96%         2
 Summon Hydra             Summ           0%         N/A       100%        7


Dungeon Overview and Level Annotations

Branches:
Dungeon (4/15)
 Temple: D:4-7

Altars:
Fedhas
Kikubaaqudgha
The Shining One


Innate Abilities, Weirdness & Mutations

You have a pair of horns on your head.
You reflexively headbutt those who attack you in melee.
You sometimes lose your temper in combat.
Armour fits poorly on your strangely shaped body.
Your spells are a little harder to cast, but a little more powerful.


Message History

No target in view!
A ball python comes into view.
Found 7 stones.
You slash the ball python!
You kill the ball python!
No target in view!
You see here 7 stones.
A kobold comes into view. It is wielding a +0 dagger.
The kobold shouts!
A kobold is nearby!
The kobold hits you with a +0 dagger.
You slash the kobold!
You kill the kobold!
No target in view!
You see here a +0 dagger.
As you open the door, it creaks loudly!
There is an open door here.
You open the door.
There is an open door here.
Found a stone staircase leading up.
An ogre comes into view. It is wielding a +0 giant club.
Found 3 scrolls labelled LIF URUEPUOFF.
An ogre is nearby!
There is an open door here.
There is an open door here.
You barely miss the ogre. The ogre hits you with a +0 giant club!
You hit the ogre but do no damage. The ogre completely misses you.
You slash the ogre!
The ogre is moderately wounded.
You barely miss the ogre.
The ogre is moderately wounded.
The ogre closely misses you.
You completely miss the ogre.
The ogre is moderately wounded.
The ogre hits you with a +0 giant club!!
You are too injured to fight recklessly!
You barely miss the ogre. You headbutt the ogre!
The ogre is severely wounded.
The ogre hits you with a +0 giant club!!
You die...

+.........'.......#
#.........####...##
#.......## #.##
##.....## ...
##...## ### ##'##
#.# #O# ##@##
####...##
#.........####
#.###........# ..
#...####.####.#
#.#.#...##........#
#.........)#.######
#####..####.#
#..####.#


You could see an ogre.

Vanquished Creatures
  A scorpion (D:4)
  A bombardier beetle (D:3)
  A hound (D:3)
  3 adders
  3 gnolls (D:4)
  4 dart slugs
  4 ribbon worms
  6 orcs
  10 ball pythons
  4 bats
  6 endoplasms
  6 giant cockroaches
  5 goblins
  8 hobgoblins
  10 jackals
  9 kobolds
  A quokka (D:3)
  2 frilled lizards (D:3)
  6 rats
90 creatures vanquished.

Notes
Turn   | Place    | Note
-------+----------+-------------------------------------------
     0 | D:1      | MacCMillion the Minotaur Fighter began the quest for the
                  | Orb.
     0 | D:1      | Reached XP level 1. HP: 19/19 MP: 0/0
   156 | D:1      | Reached XP level 2. HP: 25/26 MP: 1/1
   251 | D:1      | Reached skill level 3 in Axes
   268 | D:1      | Found a faded altar of an unknown god.
   710 | D:2      | Reached skill level 4 in Axes
   710 | D:2      | Reached XP level 3. HP: 26/31 MP: 2/2
  1141 | D:2      | Gained mutation: Armour fits poorly on your strangely
                  | shaped body. [potion of mutation]
  1141 | D:2      | Gained mutation: You sometimes lose your temper in combat.
                  | [potion of mutation]
  1141 | D:2      | Gained mutation: Your spells are a little harder to cast,
                  | but a little more powerful. [potion of mutation]
  1312 | D:2      | Reached skill level 5 in Axes
  1312 | D:2      | Reached XP level 4. HP: 38/39 MP: 3/3
  1431 | D:3      | Found a glowing golden altar of the Shining One.
  2369 | D:3      | Found an ancient bone altar of Kikubaaqudgha.
  2375 | D:3      | Found a blossoming altar of Fedhas.
  2446 | D:3      | Reached skill level 6 in Axes
  2446 | D:3      | Reached XP level 5. HP: 45/45 MP: 4/4
  3260 | D:4      | Reached skill level 7 in Axes
  3493 | D:4      | Reached XP level 6. HP: 51/51 MP: 5/5
  3797 | D:4      | Mangled by an ogre

Illustrated notes

Levels and vault maps discovered:
D:1:      ldierk_walled_garden_2, layout_loops_cross,
          nicolae_ecumenical_snake_handling
D:2:      layout_loops_ring, minivault_14, kennysheep_crisscross, nrook_campfire
D:3:      layout_basic, grunt_temple_overflow_growth_and_decay,
          overflow_temple_1_default, minivault_19, minmay_fractal_squares_5
D:4:      layout_loops_corners, mainiacjoe_overflow_paths

Skill      XL: |  1  2  3  4  5 |
---------------+----------------+-----
Shields        | 4 |  4.0
Axes           | 4 5 6 7 |  7.6
Fighting       | |  3.6
Armour         | |  3.7

Action                     |  1- 3 |  4- 6 || total
---------------------------+-------+-------++-------
  Melee: War axe           |    96 |   107 ||   203
         Headbutt          |    17 |    13 ||    30
    Use: Potion            |     3 |       ||     3
 Armour: Scale mail        |    62 |    49 ||   111
  Dodge: Dodged            |    44 |    33 ||    77
  Block: Buckler           |    16 |    44 ||    60
         Reflection        |       |     3 ||     3
